 Dungeon Sprint DCSS version 0.31-a0-640-g39d97e502b (webtiles) character file.

Game seed: 5488225904755238697

4531 Midn8 the Imperceptible (level 10, -14/90 HPs)
             Began as a Deep Elf Enchanter on Aug 27, 2023.
             Was a High Priest of Dithmenos.
             Demolished by a demonic crawler (16 damage)
             ... in the Dungeon (Sprint IV: "Fedhas' Mad Dash").
             The game lasted 00:06:56 (1392 turns).

Midn8 the Imperceptible (Deep Elf Enchanter)        Turns: 1392, Time: 00:06:57

Health: -14/90     AC:  2    Str:  5    XL:     10   Next: 17%
Magic:  16/16      EV: 13    Int: 21    God:    Dithmenos [*****.]
Gold:   220        SH:  0    Dex: 19    Spells: 13/15 levels left

rFire   . . .        a - +1 dagger
rCold   . . .        (no shield)
rNeg    + . .        b - +0 robe
rPois   .            (no helmet)
rElec   .            (no cloak)
rCorr   .            (no gloves)
SInv    .            (no boots)
Will    +....        j - amulet of invisibility {+Inv} Stlth
                     p - ring of positive energy
HPRegen 0.35/turn    (no ring)
MPRegen 0.15/turn

%: no teleportation
@: berserking, very slightly contaminated, wreathed by umbra, invisible, very
quick
A: no striking features
a: Renounce Religion, Evoke Invisibility, Shadow Step, Shadow Form


You were in the Dungeon.
You worshipped Dithmenos.
Dithmenos was extremely pleased with you.
You visited 1 branch You collected 220 gold pieces.

Inventory:

Hand Weapons
 a - a +1 dagger (weapon)
 m - a +3 short sword
Armour
 b - a +0 robe (worn)
 o - the +3 ring mail "Qaneell" {Harm +Blink Will+}
   (You found it in the Dungeon)

   Will+:     It increases your willpower.
   +Blink:    It lets you blink.
   Harm:      It increases damage dealt and taken.
Jewellery
 j - the amulet of invisibility (around neck) {+Inv}
   (You found it in the Dungeon)

   [amulet of nothing]

   +Inv:      It lets you turn invisible.
 p - a ring of positive energy (left hand)
Scrolls
 i - a scroll of blinking
 k - 3 scrolls of identify {unknown}
 n - a scroll of fog {unknown}
Potions
 c - 2 potions of invisibility
 d - a potion of curing
 e - 2 potions of heal wounds
 f - 2 potions of haste
 g - 2 potions of magic
 l - a potion of degeneration {unknown}


   Skills:
 - Level 6.0 Fighting
 - Level 6.0 Short Blades
 + Level 14.7 Ranged Weapons
 - Level 2.4 Dodging
 - Level 23.8 Stealth
 - Level 3.0 Spellcasting
 - Level 4.0 Hexes


You had 13 spell levels left.
You knew the following spells:

 Your Spells              Type           Power      Damage    Failure   Level
e - Ensorcelled Hibernat  Hex/Ice        22%        N/A       9%          2

Your spell library contained the following spells:

 Spells                   Type           Power      Damage    Failure   Level
 Confusing Touch          Hex            20%        N/A       8%          3
 Tukima's Dance           Hex            20%        N/A       8%          3
 Dazzling Flash           Conj/Hex       22%        N/A       17%         3
 Blink                    Tloc           6%         N/A       21%         2
 Lesser Beckoning         Tloc           6%         N/A       21%         2
 Momentum Strike          Conj/Tloc      6%         3d8       21%         2


Dungeon Overview and Level Annotations

Branches:
Dungeon (1/1)

Altars:
Cheibriados
Dithmenos
Elyvilon
Gozag
Hepliaklqana
Kikubaaqudgha
Makhleb
Nemelex Xobeh
Okawaru
Qazlal
Ru
Sif Muna
Trog
Uskayaw
Vehumet
Wu Jian
Xom
Yredelemnul
Zin
The Shining One
Jiyva
Lugonu

Shops:
D ==:*


Message History

You flicker for a moment.
Your Ranged Weapons skill increases to level 14!
p - a ring of positive energy You now have 220 gold pieces (gained 8).
p - a ring of positive energy (left hand)
You flicker back into view.
There is an open door here.
You see here 7 stones.
You start waiting.
Your magical contamination has completely faded away.
You fail to use your ability.
You fail to use your ability.
You fade into invisibility!
You are very lightly contaminated with residual magic.
You open the door.
A demonic crawler comes into view.
The demonic crawler gives a hideous shriek!
The demonic crawler hits you! The demonic crawler misses you.
The demonic crawler hits you!
There is an open door here.
You barely miss the demonic crawler.
Your shadow barely misses the demonic crawler.
The demonic crawler hits you! The demonic crawler hits you.
The demonic crawler barely misses you.
A red film seems to cover your vision as you go berserk!
You feel yourself moving faster!
You feel mighty! The demonic crawler hits you.
The demonic crawler barely misses you. The demonic crawler hits you!
* * * LOW HITPOINT WARNING * * *
The demonic crawler hits you!
* * * LOW HITPOINT WARNING * * *
The demonic crawler hits you.
* * * LOW HITPOINT WARNING * * *
The demonic crawler barely misses you.
You hit the demonic crawler but do no damage.
You hit the demonic crawler.
The demonic crawler is lightly wounded.
The demonic crawler hits you!
* * * LOW HITPOINT WARNING * * *
The demonic crawler hits you!
You die...

#####################
._.⌠.#..'.)[#....##∩#
_._..'..#...#....'.)#
._...#..###'##..(##∩#
_._..#..##∩∩.'...####
._.⌠.#############
##########.....)###
.###.'..'.....(.@s+
♣##..#..#.P.....###
.###.##+##.P....#
♣'...# ########
######


You could see a demonic crawler.

Vanquished Creatures
  A spriggan druid (D)
  6 oklob plants (D)
  3 wandering mushrooms (D)
  3 burning bushes (D)
  A queen bee (D)
  3 scorpions (D)
  4 killer bees (D)
  5 oklob saplings (D)
  2 spriggans (D)
  A river rat (D)
  A rat (D)
  A ballistomycete spore (D)
31 creatures vanquished.

Notes
Turn   | Place    | Note
-------+----------+-------------------------------------------
     0 | D        | Midn8 the Deep Elf Enchanter began the quest for the Orb.
     0 | D        | Reached XP level 1. HP: 10/10 MP: 6/6
     9 | D        | Reached skill level 6 in Stealth
     9 | D        | Reached XP level 2. HP: 15/15 MP: 8/8
    22 | D        | Learned a level 2 spell: Ensorcelled Hibernation
    25 | D        | Noticed an oklob sapling
   746 | D        | Killed an oklob sapling
   747 | D        | Reached skill level 8 in Stealth
   747 | D        | Reached XP level 3. HP: 19/19 MP: 9/9
   748 | D        | Noticed a scorpion
   748 | D        | Found the amulet of invisibility {+Inv}
   750 | D        | Killed a scorpion
   751 | D        | Reached skill level 10 in Stealth
   751 | D        | Reached skill level 11 in Stealth
   751 | D        | Reached XP level 4. HP: 24/24 MP: 10/10
   778 | D        | Found an opulent altar of Gozag.
   778 | D        | Found a hazy altar of Hepliaklqana.
   778 | D        | Found a burning altar of Makhleb.
   778 | D        | Found a sparkling altar of Nemelex Xobeh.
   778 | D        | Found a snail-covered altar of Cheibriados.
   778 | D        | Found a sacrificial altar of Ru.
   778 | D        | Found a shimmering blue altar of Sif Muna.
   778 | D        | Found a shimmering altar of Xom.
   778 | D        | Found a basalt altar of Yredelemnul.
   779 | D        | Found a viscous altar of Jiyva.
   779 | D        | Found a bloodstained altar of Trog.
   779 | D        | Found an ornate altar of the Wu Jian Council.
   780 | D        | Found an iron altar of Okawaru.
   780 | D        | Found a shadowy altar of Dithmenos.
   780 | D        | Found a glowing silver altar of Zin.
   781 | D        | Found a hide-covered altar of Uskayaw.
   781 | D        | Found an ancient bone altar of Kikubaaqudgha.
   782 | D        | Found a stormy altar of Qazlal.
   782 | D        | Found a glowing golden altar of the Shining One.
   782 | D        | Found a white marble altar of Elyvilon.
   783 | D        | Found a radiant altar of Vehumet.
   783 | D        | Found a corrupted altar of Lugonu.
   787 | D        | Reached skill level 13 in Stealth
   787 | D        | Reached XP level 5. HP: 28/28 MP: 11/11
   789 | D        | Became a worshipper of Dithmenos the Shadowed
   858 | D        | Reached skill level 14 in Stealth
   869 | D        | Reached * piety under Dithmenos
   870 | D        | Reached skill level 15 in Stealth
   871 | D        | Reached skill level 5 in Short Blades
   871 | D        | Reached XP level 6. HP: 32/32 MP: 12/12
   920 | D        | Noticed a queen bee
   925 | D        | Killed a queen bee
   925 | D        | Reached ** piety under Dithmenos
   926 | D        | Reached skill level 17 in Stealth
   927 | D        | Reached skill level 18 in Stealth
   927 | D        | Reached XP level 7. HP: 36/36 MP: 13/13
   930 | D        | Reached *** piety under Dithmenos
   931 | D        | Reached skill level 19 in Stealth
   954 | D        | Noticed an oklob plant
   957 | D        | Killed an oklob plant
   958 | D        | Reached skill level 20 in Stealth
   958 | D        | Reached XP level 8. HP: 48/48 MP: 14/14
   999 | D        | Found Jegemamm's Jewellery Shop.
   999 | D        | Found Samyes's Jewellery Emporium.
  1035 | D        | Noticed a burning bush
  1035 | D        | Noticed a wandering mushroom
  1036 | D        | Noticed a wandering mushroom
  1038 | D        | Killed a wandering mushroom
  1039 | D        | Reached skill level 1 in Ranged Weapons
  1040 | D        | Killed a burning bush
  1041 | D        | Reached **** piety under Dithmenos
  1043 | D        | Killed a wandering mushroom
  1070 | D        | Found Vohafuje's Assorted Antiques.
  1070 | D        | Found Alaumeow's Book Shoppe.
  1121 | D        | Noticed a burning bush
  1124 | D        | Killed a burning bush
  1125 | D        | Reached XP level 9. HP: 55/55 MP: 15/15
  1157 | D        | Noticed a burning bush
  1157 | D        | Noticed an oklob plant
  1158 | D        | Noticed a wandering mushroom
  1159 | D        | Killed a burning bush
  1160 | D        | Reached skill level 21 in Stealth
  1164 | D        | Killed an oklob plant
  1165 | D        | Reached skill level 22 in Stealth
  1166 | D        | Reached ***** piety under Dithmenos
  1168 | D        | Killed a wandering mushroom
  1245 | D        | Noticed a spriggan druid
  1246 | D        | Killed a spriggan druid
  1247 | D        | Reached skill level 23 in Stealth
  1249 | D        | Identified the +3 ring mail "Qaneell" {Harm +Blink Will+}
  1283 | D        | Noticed an oklob plant conjurer
  1284 | D        | Killed an oklob plant conjurer
  1337 | D        | Noticed an oklob plant
  1337 | D        | Noticed an oklob plant summoner
  1338 | D        | Noticed an oklob plant shifter
  1342 | D        | Killed an oklob plant
  1343 | D        | Reached XP level 10. HP: 60/60 MP: 16/16
  1344 | D        | Killed an oklob plant summoner
  1347 | D        | Killed an oklob plant shifter
  1387 | D        | Noticed a demonic crawler
  1392 | D        | HP: 2/90 [demonic crawler (14)]
  1392 | D        | Demolished by a demonic crawler

Illustrated notes

Levels and vault maps discovered:
D:        dungeon_sprint_fedhas [sprint_temple]

Skill      XL: |  1  2  3  4  5  6  7  8  9 10 |
---------------+-------------------------------+-----
Stealth        | 6 8 11 13 15 18 20 23 | 23.8
Short Blades   | 2 3 5 6 |  6.0
Fighting       | 4 6 |  6.0
Ranged Weapons | 9 12 14 | 14.7
Dodging        | |  2.4
Spellcasting   | |  3.0
Hexes          | |  4.0

Action                     |  1- 3 |  4- 6 |  7- 9 | 10-12 || total
---------------------------+-------+-------+-------+-------++-------
  Melee: Dagger            |    12 |     8 |    17 |     5 ||    42
Ability: Evoke Invisibilit |       |     4 |    11 |     1 ||    16
    Use: Potion            |       |       |       |     1 ||     1
   Stab: Sleeping          |     2 |     8 |    17 |     2 ||    29
         Distracted        |     1 |       |       |       ||     1
  Dodge: Dodged            |     2 |       |       |     4 ||     6

Table legend: (Time is in decaauts)
 A = Elapsed time spent in this place.
 B = Non-inter-level travel time spent in this place.
 C = Inter-level travel time spent in this place.
 D = Time resting spent in this place.
 E = Time spent auto-exploring this place.
 F = Levels seen in this place.
 G = Mean time per level.
                   A        B        C        D        E       F      G
               +--------+--------+--------+--------+--------+-----+--------+
         Total |   1381 |   1354 |     27 |    918 |      0 |   1 | 1381.0 |
       Dungeon |   1381 |   1354 |     27 |    918 |      0 |   1 | 1381.0 |
               +--------+--------+--------+--------+--------+-----+--------+

Top non-repeatable levels by time:
       D: 1381 daAuts
